 Dungeon Sprint DCSS version 0.27-a0-1196-g3e9cee4cb2 (webtiles) character file.

Game seed: 12774463184472938553

25 Conn the Firebug (level 3, -2/21 HPs)
             Began as an Octopode Fire Elementalist on May 29, 2021.
             Splashed by a jelly's acid (10 damage)
             ... in the Dungeon (Sprint I: "Red Sonja").
             The game lasted 00:05:48 (191 turns).

Conn the Firebug (Octopode Fire Elementalist)        Turns: 191, Time: 00:05:49

Health: -2/21      AC:  1    Str:  7    XL:     3   Next: 6%
Magic:  4/7        EV: 13    Int: 18    God:
Gold:   162        SH:  0    Dex: 12    Spells: 1/8 levels left

rFire    . . .     SeeInvis .   (no weapon)
rCold    . . .     Faith    .   (no shield)
rNeg     . . .     Spirit   .   (helmet restricted)
rPois    .         Reflect  .   (no amulet)
rElec    .         Harm     .   (no ring)
rCorr    .         Rampage  .   (no ring)
Will     .....     NoTele   +   (no ring)
Stlth    +++.......             (no ring)
HPRegen  0.07/turn              (no ring)
MPRegen  0.10/turn              (no ring)
                                (no ring)
                                (no ring)

@: brilliant
A: almost no armour, amphibious, 8 rings, camouflage 1, gelatinous body 1,
(nimble swimmer 1), tentacles
a: no special abilities


You were in the Dungeon.
You visited 1 branch You collected 162 gold pieces.

Inventory:

Wands
 a - a wand of polymorph (3)
Scrolls
 g - a scroll of blinking
Potions
 e - a potion of magic


   Skills:
 + Level 2.8 Dodging
 + Level 3.5 Stealth
 - Level 0.5 Unarmed Combat
 * Level 3.1 Spellcasting
 * Level 1.2 Conjurations
 * Level 5.1 Fire Magic


You had one spell level left.
You knew the following spells:

 Your Spells              Type           Power      Damage    Failure   Level
a - Foxfire               Conj/Fire      84%        2x1d8     4%          1
b - Conjure Flame         Conj/Fire      21%        6-21      13%         3
c - Inner Flame           Hex/Fire       18%        N/A       17%         3

Your spell library contained the following spells:

 Spells                   Type           Power      Damage    Failure   Level
 Sticky Flame             Conj/Fire      21%        2d4       41%         4
 Fireball                 Conj/Fire      10%        3d6       77%         5


Dungeon Overview and Level Annotations

Branches:
Dungeon (1/1)

Altars:
Sif Muna
Vehumet
Wu Jian

Annotations:
D Sigmund


Innate Abilities, Weirdness & Mutations

You cannot wear most types of armour.
You are amphibious.
You can wear up to eight rings at the same time.
Your skin changes colour to match your surroundings (Stealth+).
Your rubbery body absorbs attacks. (AC +1, EV +1)
((You are camouflaged near water. (Stealth+)))
You have tentacles for arms and can constrict up to eight enemies at once.


Message History

Aiming: Polymorph
Press: ? - help, Shift-Dir - straight line, f - jelly
Aim: a jelly (will become a frilled lizard, a fire bat, or a killer bee, chance to affect: 54%)
Okay, then.
Unknown command.
You see here a metallic black potion.
b - a metallic black potion
There is an open door here.
Which direction?
You close the door.
You hear a slurping noise.
The jelly eats the door!
There is an open door here.
It was a potion of brilliance.
You feel clever all of a sudden.
There is an open door here.
Your extra speed is starting to run out.
There is an open door here.
Casting: Foxfire (safe; 4% risk of failure)
Confirm with . or Enter, or press ? or * to list all spells.
You feel a surge of power!
You conjure some foxfire!
The foxfire hits the jelly.
The jelly is lightly wounded.
Casting: Foxfire (safe; 4% risk of failure)
Confirm with . or Enter, or press ? or * to list all spells.
You feel a surge of power!
You conjure some foxfire!
The foxfire hits the jelly.
The jelly is moderately wounded.
The foxfire hits the jelly.
The jelly is heavily wounded.
The foxfire hits the jelly.
The jelly is heavily wounded.
You feel yourself slow down.
Things that are here:
a +0 dagger; a +0 ring mail
Casting: Foxfire (safe; 4% risk of failure)
Confirm with . or Enter, or press ? or * to list all spells.
You feel a surge of power!
You conjure some foxfire!
The jelly hits you.
You are splashed with acid!
You die...

################
#<.#vv'.)#..'..#
#..+@J#..'..#..+
#.l#####'#####.#
#..# #..# #.#
#).# #### ##$#
#..# #_.+ #⌠⌠#
+..._# ####
#_.#+# ##+


You could see a jelly (ally target).

Vanquished Creatures
  Ijyb (D)
  A giant cockroach (D)
2 creatures vanquished.

Vanquished Creatures (others)
  18 foxfires (D)
18 creatures vanquished.

Grand Total: 20 creatures vanquished

Notes
Turn   | Place    | Note
-------+----------+-------------------------------------------
     0 | D        | Conn the Octopode Fire Elementalist began the quest for the
                  | Orb.
     0 | D        | Reached XP level 1. HP: 11/11 MP: 3/3
     1 | D        | Noticed Ijyb
     7 | D        | Killed Ijyb
     8 | D        | Reached skill level 5 in Fire Magic
     8 | D        | Reached XP level 2. HP: 17/17 MP: 3/5
     8 | D        | Reached XP level 3. HP: 21/21 MP: 4/7
    39 | D        | Learned a level 3 spell: Conjure Flame
    47 | D        | Learned a level 3 spell: Inner Flame
    47 | D        | Noticed an ogre
    57 | D        | an ogre changed into a giant cockroach
   112 | D        | Noticed Sigmund
   129 | D        | Noticed Sigmund
   129 | D        | Sigmund changed into Sigmund the iguana
   166 | D        | Found an ornate altar of the Wu Jian Council.
   166 | D        | Found a shimmering blue altar of Sif Muna.
   168 | D        | Found a radiant altar of Vehumet.
   191 | D        | Splashed by a jelly's acid

Illustrated notes

Levels and vault maps discovered:
D:        dungeon_sprint_1 [red_sonja_temple_1, red_sonja_temple_small_1]

Skill      XL: |  1  2  3 |
---------------+----------+-----
Stealth        | 3 |  3.5
Fire Magic     | 5 |  5.1
Spellcasting   | 3 |  3.1
Dodging        | |  2.8
Unarmed Combat | |  0.5
Conjurations   | |  1.2

Action                   || total
-------------------------++-------
Melee: Unarmed           ||     5
       Constrict         ||     2
       Tentacles         ||     1
 Cast: Foxfire           ||    10
       Conjure Flame     ||     2
Evoke: Wand              ||     4
  Use: Potion            ||     6
Dodge: Dodged            ||     7

Table legend: (Time is in decaauts)
 A = Elapsed time spent in this place.
 B = Non-inter-level travel time spent in this place.
 C = Inter-level travel time spent in this place.
 D = Time resting spent in this place.
 E = Time spent auto-exploring this place.
 F = Levels seen in this place.
 G = Mean time per level.
                   A        B        C        D        E       F      G
               +--------+--------+--------+--------+--------+-----+--------+
         Total |    182 |    182 |      0 |     50 |      0 |   1 |  182.0 |
       Dungeon |    182 |    182 |      0 |     50 |      0 |   1 |  182.0 |
               +--------+--------+--------+--------+--------+-----+--------+

Top non-repeatable levels by time:
       D: 182 daAuts
